 Dungeon Crawl Stone Soup version 0.28.0 (webtiles) character file.

Game seed: 5168010498875257198

22048 hawla the Cruncher (level 12, 0/144 HPs)
             Began as a Purple Draconian Conjurer on Feb 15, 2022.
             Was a Priest of Vehumet.
             Slain by a steelbarb worm (10 damage)
             ... on level 14 of the Dungeon on Feb 16, 2022.
             The game lasted 01:02:48 (16560 turns).

hawla the Cruncher (Purple Draconian Conjurer)     Turns: 16560, Time: 01:02:49

Health: 0/144      AC: 26    Str: 12    XL:     12   Next: 59%
Magic:  2/26       EV:  2    Int: 22    God:    Vehumet [***...]
Gold:   632        SH:  0    Dex: 13    Spells: 0/27 levels left

rFire   + . .      SeeInvis .   w - +2 quarterstaff (chaos)
rCold   . . .      Faith    .   (shield currently unavailable)
rNeg    + . .      Spirit   .   (armour unavailable)
rPois   +          Reflect  .   (helmet currently unavailable)
rElec   .          Harm     .   (cloak currently unavailable)
rCorr   +          Rampage  .   (gloves currently unavailable)
Will    +....      Clarity  +   (boots currently unavailable)
Stlth   ++........ NoTele   +   a - amulet of magic regeneration
HPRegen 0.34/turn               s - ring of positive energy
MPRegen 0.60/turn               M - ring of the Sunfish {Fly rF+ rCorr Dex+2}

@: brilliant, tree-form, spiked
A: stationary, stasis, torment immunity, boosted hp, (breathe power), AC +8,
unfitting armour, (cold-blooded), clarity, high MP 1, strong 1
a: Renounce Religion


You were on level 14 of the Dungeon.
You worshipped Vehumet.
Vehumet was most pleased with you.
You were a tree.
You visited 2 branches of the dungeon, and saw 15 of its levels.

You collected 632 gold pieces.

Inventory:

Hand Weapons
 m - the +5 demon whip "Spellbinder" {antimagic, Will+}
   (You found it on level 5 of the Dungeon)

   It reduces the magical energy of the wielder, and disrupts the spells and
   magical abilities of those it strikes.
   Natural abilities and divine invocations are not affected.
   It unleashes wild and unpredictable magical effects upon striking a wizard or
   a creature with magical abilities.
   Will:      It increases your willpower.
 w - a +2 quarterstaff of chaos (weapon)
 N - a +3 scimitar of flaming
Missiles
 g - 9 poisoned darts (quivered)
 r - 3 boomerangs
 C - a curare-tipped dart
 D - 6 atropa-tipped darts
 G - 3 throwing nets
Armour
 h - a +2 hat of stealth (melded)
 k - a +0 cloak (melded)
 I - a +0 pair of gloves (melded)
 K - a +0 pair of boots (melded)
Magical Staves
 v - a staff of fire
Jewellery
 a - an amulet of magic regeneration (around neck)
 b - a +4 ring of protection
 j - an amulet of the acrobat
 l - a +4 ring of protection
 s - a ring of positive energy (left branch)
 t - an amulet of guardian spirit
 E - a ring of protection from cold
 M - the ring of the Sunfish (right branch) {Fly rF+ rCorr Dex+2}
   (You acquired it on level 14 of the Dungeon)

   [ring of flight]

   Dex:       It affects your dexterity (+2).
   rF:        It protects you from fire.
   Fly:       It grants you flight.
   rCorr:     It protects you from acid and corrosion.
Wands
 c - a wand of paralysis (6)
 u - a wand of digging (1)
 y - a wand of mindburst (13)
Scrolls
 o - 2 scrolls of amnesia
 z - a scroll of enchant weapon
 A - 3 scrolls of fear
 F - 3 scrolls of identify
 H - a scroll of silence
 J - 2 scrolls of enchant armour
 O - a scroll of magic mapping {unknown}
Potions
 d - a potion of flight
 e - 4 potions of curing
 f - 2 potions of might
 i - 3 potions of haste
 n - 2 potions of resistance
 B - 2 potions of cancellation
Miscellaneous
 q - a phial of floods


   Skills:
 - Level 6.0 Fighting
 - Level 14.0 Staves
 + Level 5.2 Throwing
 - Level 3.0 Dodging
 - Level 3.0 Stealth
 - Level 8.0 Spellcasting
 - Level 10.0 Conjurations
 - Level 3.0 Hexes
 - Level 3.0 Translocations
 - Level 2.0 Transmutations
 - Level 3.0 Fire Magic
 - Level 2.0 Earth Magic
 - Level 1.0 Poison Magic
 - Level 3.0 Evocations


You couldn't memorise any spells.
You knew the following spells:

 Your Spells              Type           Power      Damage    Failure   Level
a - Magic Dart            Conj           100%       1d8       1%          1
b - Searing Ray           Conj           100%       2d8       1%          2
c - Iskenderun's Mystic   Conj/Tloc      54%        2d12      1%          4
d - Fulminant Prism       Conj/Hex       27%        3d14      1%          4
e - Passwall              Tmut/Erth      21%        N/A       4%          2
f - Iskenderun's Battles  Conj           68%        2d12      1%          5
g - Scorch                Fire           66%        2d8       1%          2
h - Flame Wave            Conj/Fire      54%        2d11      1%          4
i - Ignite Poison         Fire/Tmut/Pois 26%        N/A       2%          3

Your spell library contained the following spells:

 Spells                   Type           Power      Damage    Failure   Level
 Sandblast                Erth           52%        2d12      1%          1
 Dazzling Flash           Conj/Hex       100%       N/A       1%          3
 Mephitic Cloud           Conj/Pois/Air  37%        N/A       1%          3
 Stone Arrow              Conj/Erth      100%       3d13      1%          3
 Freeze                   Ice            52%        1d7       2%          1
 Hailstorm                Conj/Ice       46%        3d11      2%          4
 Fireball                 Conj/Fire      27%        3d12      4%          5
 Ensorcelled Hibernation  Hex/Ice        46%        N/A       6%          2
 Frozen Ramparts          Ice            26%        1d4       6%          3
 Gell's Gravitas          Tloc           33%        N/A       6%          3
 Lesser Beckoning         Tloc           33%        N/A       6%          3
 Teleport Other           Tloc           33%        N/A       6%          3
 Tukima's Dance           Hex            33%        N/A       6%          3
 Lightning Bolt           Conj/Air       23%        1d38      7%          5
 Summon Small Mammal      Summ           52%        N/A       8%          1
 Summon Guardian Golem    Hex/Summ       23%        N/A       12%         3
 Freezing Cloud           Conj/Ice/Air   17%        6-21      14%         5
 Airstrike                Air            6%         N/A       19%         4
 Yara's Violent Unravell  Hex/Tmut       14%        3d7       19%         5
 Call Canine Familiar     Summ           13%        N/A       22%         3
 Swiftness                Air            13%        N/A       22%         3
 Passage of Golubria      Tloc           33%        N/A       22%         4
 Orb of Destruction       Conj           34%        9d10      26%         7
 Conjure Ball Lightning   Conj/Air       23%        3x3d6     34%         6
 Summon Lightning Spire   Summ/Air       13%        N/A       58%         4
 Summon Cactus Giant      Summ           6%         N/A       100%        6


Dungeon Overview and Level Annotations

Branches:
Dungeon (14/15)            Temple (1/1) D:7            Lair (0/6) D:8
    Orc (0/2) D:10         Vaults (0/5) D:13

Altars:
Ashenzari
Cheibriados
Dithmenos
Elyvilon
Fedhas
Gozag
Hepliaklqana
Kikubaaqudgha
Makhleb
Nemelex Xobeh
Okawaru
Qazlal
Ru
Sif Muna
Trog
Uskayaw
Vehumet
Wu Jian
Xom
Yredelemnul
Zin
The Shining One

Shops:
D:6 :   D:8 (

Portals:
Trove: D:13 (give 16 scrolls of teleportation)


Innate Abilities, Weirdness & Mutations

You are a tree.
Your roots penetrate the ground, keeping you stationary.
You cannot be teleported.
You are immune to unholy pain and torment.
Your maximum health is greatly increased.
Your equipment is partially melded.
((You can breathe bolts of dispelling energy.))
((Your rich purple scales are hard. (AC +8)))
You cannot fit into any form of body armour.
((You are cold-blooded and may be slowed by cold attacks.))
You possess an exceptional clarity of mind.
You have an increased reservoir of magic. (+10% MP)
Your muscles are strong. (Str +2)


Message History

The steelbarb worm hits you!
* * * LOW HITPOINT WARNING * * *
Barbed spikes become lodged in your body.
The steelbarb worm hits you!!
* * * LOW HITPOINT WARNING * * *
Barbed spikes become lodged in your body.
Unknown command.
You feel much better.
The steelbarb worm hits you but does no damage. x2
You feel clever all of a sudden. The steelbarb worm hits you!
* * * LOW HITPOINT WARNING * * *
Barbed spikes become lodged in your body.
Casting: Searing Ray (safe; 1% risk of failure)
Confirm with . or Enter, or press ? or * to list all spells.
You feel a surge of power!
You erupt in a blast of force!
The mystic blast hits the steelbarb worm!
The steelbarb worm is severely wounded.
The steelbarb worm is knocked back by the mystic blast.
The steelbarb worm is no longer moving quickly.
Casting: Iskenderun's Mystic Blast (mildly dangerous; 1% risk of failure)
Confirm with . or Enter, or press ? or * to list all spells.
You feel a surge of power!
You erupt in a blast of force!
The mystic blast hits the steelbarb worm.
The steelbarb worm is severely wounded.
The steelbarb worm is knocked back by the mystic blast.
The steelbarb worm slams into the rock wall!
Casting: Iskenderun's Mystic Blast (mildly dangerous; 1% risk of failure)
Confirm with . or Enter, or press ? or * to list all spells.
Aiming: Searing Ray (safe; 1% risk of failure)
Press: ? - help, Shift-Dir - straight line, f/p - steelbarb worm
Aim: a steelbarb worm (severely wounded, unusually agile, 79% to hit)
You feel a surge of power!
The searing ray hits the steelbarb worm but does no damage.
The steelbarb worm is severely wounded. (Press . to maintain the ray.)
The searing ray hits the steelbarb worm.
The steelbarb worm is severely wounded.
The steelbarb worm hits you!
You die...

.........#.....####.....#
######...#.#'##.........#
.##..'.....#..#.......#.#
.##..#.....#..#...>...#.#
###..#.....#..#.........#
###..#.....#..######....#
.....#.....#.......#....#
.....#.....+.......#....#
######.....#####♣..#....#
.....# #w?.#....#
(..)#.##.# .....#....#
.#+####.<..#
###.........# ........#.#
..........# ≈≈§§≈.....#


You could see a steelbarb worm (agile).

Vanquished Creatures
  Gastronok (D:12)
  Snorg (D:12)
  A vault guard (D:13)
  Erica (D:9)
  A boulder beetle (D:12)
  5 two-headed ogres
  3 deep elf pyromancers
  3 manticores
  2 ugly things (D:12)
  2 cyclopes
  A gargoyle (D:10)
  Psyche (D:12)
  Maggie (D:6)
  A komodo dragon (D:13)
  A kobold demonologist (D:9)
  An unseen horror (D:10)
  An efreet (D:13)
  4 trolls
  7 slime creatures
  Grinder (D:4)
  Prince Ribbit (D:5)
  3 wyverns (D:8)
  4 yaks (D:11)
  Eustachio (D:4)
  2 steam dragons
  2 vampire mosquitoes (D:11)
  Duvessa (D:5)
  An acid dragon (D:13)
  5 water moccasins
  A hornet zombie (D:6)
  4 ice beasts
  A sky beast (D:4)
  6 black bears
  5 orc warriors
  An ogre (D:5)
  A necrophage (D:5)
  3 centaurs
  A phantom (D:4)
  2 kobold brigands
  4 bullfrogs
  2 gnoll sergeants
  4 scorpions
  4 water moccasin zombies
  A water moccasin skeleton (D:4)
  Dowan (D:5)
  5 killer bees (D:10)
  3 wights (D:9)
  2 howler monkeys (D:10)
  A bullfrog zombie (D:6)
  3 centaur zombies
  2 hounds
  2 jellies
  7 orc priests
  A bullfrog skeleton (D:5)
  A gnoll shaman (D:6)
  Crazy Yiuf (D:5)
  Terence (D:2)
  12 orc wizards
  Natasha (thrice) (D:4)
  A howler monkey zombie (D:10)
  Robin (D:2)
  16 gnolls
  5 adders
  A white imp (D:7)
  2 ufetubi (D:6)
  3 adder skeletons
  4 worms (D:2)
  3 dart slugs
  23 orcs
  5 bats
  9 endoplasms
  5 giant cockroaches
  14 hobgoblins
  6 jackals
  17 kobolds
  8 quokkas
  5 ball pythons
  4 frilled lizards
  15 goblins
  2 rats
293 creatures vanquished.

Vanquished Creatures (others)
  4 fulminant prisms
  3 fungi (D:8)
  18 plants (D:8)
25 creatures vanquished.

Grand Total: 318 creatures vanquished

Notes
Turn   | Place    | Note
-------+----------+-------------------------------------------
     0 | D:1      | hawla the Draconian Conjurer began the quest for the Orb.
     0 | D:1      | Reached XP level 1. HP: 14/14 MP: 3/3
   257 | D:1      | Reached XP level 2. HP: 20/20 MP: 3/5
   260 | D:1      | Learned a level 2 spell: Searing Ray
   371 | D:1      | Found a faded altar of an unknown god.
   510 | D:1      | You fall into a shaft and drop 1 floor!
   530 | D:2      | Noticed Robin
   532 | D:2      | Reached XP level 3. HP: 26/26 MP: 3/6
   556 | D:2      | Killed Robin
   557 | D:2      | Reached skill level 5 in Conjurations
  1361 | D:2      | Reached XP level 4. HP: 34/34 MP: 4/7
  1366 | D:2      | Learned a level 4 spell: Iskenderun's Mystic Blast
  1678 | D:2      | Noticed Terence
  1683 | D:2      | Killed Terence
  2327 | D:3      | Reached XP level 5. HP: 27/39 MP: 6/9
  2918 | D:4      | Noticed Grinder
  2928 | D:4      | Killed Grinder
  2929 | D:4      | Reached skill level 1 in Fighting
  2929 | D:4      | Reached XP level 6. HP: 32/47 MP: 1/11
  2957 | D:4      | Noticed a sky beast
  2964 | D:4      | Killed a sky beast
  2990 | D:4      | Your scales start taking on a rich purple colour.
  2990 | D:4      | Reached skill level 5 in Spellcasting
  2990 | D:4      | Reached XP level 7. HP: 38/52 MP: 7/14
  2995 | D:4      | Learned a level 4 spell: Fulminant Prism
  3114 | D:4      | Reached skill level 1 in Hexes
  3114 | D:4      | Reached skill level 1 in Translocations
  3131 | D:4      | Found a sparkling altar of Nemelex Xobeh.
  3410 | D:4      | Noticed Natasha
  3415 | D:4      | Killed Natasha
  3512 | D:4      | Noticed Natasha
  3519 | D:4      | Killed Natasha
  3520 | D:4      | Reached skill level 1 in Throwing
  3538 | D:4      | Noticed Eustachio
  3552 | D:4      | Killed Eustachio
  3560 | D:4      | Noticed Natasha
  3563 | D:4      | Killed Natasha
  3803 | D:4      | Found a hide-covered altar of Uskayaw.
  3942 | D:4      | Learned a level 2 spell: Passwall
  4024 | D:5      | Entered Level 5 of the Dungeon
  4323 | D:5      | Found the +5 demon whip "Spellbinder" {antimagic, Will+}
  4332 | D:5      | Found a runed translucent door.
  4333 | D:5      | Noticed Crazy Yiuf
  4377 | D:5      | Noticed Prince Ribbit
  4386 | D:5      | Noticed Duvessa
  4387 | D:5      | Noticed Dowan
  4399 | D:5      | Reached XP level 8. HP: 58/63 MP: 7/16
  4409 | D:5      | Reached skill level 1 in Evocations
  4420 | D:5      | Reached skill level 1 in Transmutations
  4420 | D:5      | Reached skill level 1 in Fire Magic
  4420 | D:5      | Reached skill level 1 in Earth Magic
  4630 | D:5      | Killed Duvessa
  4638 | D:5      | Killed Dowan
  4871 | D:5      | Killed Prince Ribbit
  5282 | D:5      | Killed Crazy Yiuf
  5323 | D:6      | Noticed Maggie
  5426 | D:6      | Reached XP level 9. HP: 29/70 MP: 7/18
  6297 | D:6      | Reached skill level 1 in Staves
  6524 | D:6      | Killed Maggie
  6525 | D:6      | Reached skill level 2 in Staves
  6667 | D:6      | Reached skill level 3 in Staves
  6896 | D:6      | Found Nuchaist's Book Emporium.
  7277 | D:7      | Reached skill level 4 in Staves
  7342 | D:7      | Reached skill level 5 in Staves
  7506 | D:7      | Found a staircase to the Ecumenical Temple.
  7520 | Temple   | Entered the Ecumenical Temple
  7644 | Temple   | Became a worshipper of Vehumet
  7946 | D:7      | Reached skill level 6 in Staves
  7958 | D:7      | Gained mutation: Your spells are a little easier to cast,
                  | but a little less powerful. [potion of mutation]
  7958 | D:7      | Gained mutation: You possess an exceptional clarity of
                  | mind. [potion of mutation]
  8079 | D:8      | Found Kod Gadgh's Weapon Shoppe.
  8131 | D:8      | Reached skill level 7 in Staves
  8131 | D:8      | Reached XP level 10. HP: 68/78 MP: 2/19
  8267 | D:8      | Reached skill level 8 in Staves
  8375 | D:8      | Found a staircase to the Lair.
  8929 | D:8      | Found a glowing silver altar of Zin.
  9074 | D:9      | Reached skill level 9 in Staves
  9106 | D:9      | Reached * piety under Vehumet
  9106 | D:9      | Offered knowledge of Shock by Vehumet.
  9138 | D:9      | Learned a level 5 spell: Iskenderun's Battlesphere
  9272 | D:9      | Noticed Erica
  9294 | D:9      | Killed Erica
  9596 | D:9      | Lost mutation: Your spells are a little easier to cast, but
                  | a little less powerful. [potion of mutation]
  9596 | D:9      | Lost mutation: You possess an exceptional clarity of mind.
                  | [potion of mutation]
  9596 | D:9      | Gained mutation: Your muscles are strong. (Str +2) [potion
                  | of mutation]
  9596 | D:9      | Gained mutation: You have an increased reservoir of magic.
                  | (+10% MP) [potion of mutation]
  9596 | D:9      | Gained mutation: You possess an exceptional clarity of
                  | mind. [potion of mutation]
  9735 | D:9      | Noticed a two-headed ogre
  9743 | D:9      | Killed a two-headed ogre
  9744 | D:9      | Reached skill level 10 in Staves
  9905 | D:9      | Reached XP level 11. HP: 54/84 MP: 8/23
 10049 | D:10     | Entered Level 10 of the Dungeon
 10049 | D:10     | Found a staircase to the Orcish Mines.
 10054 | D:10     | Learned a level 2 spell: Scorch
 10135 | D:10     | Reached skill level 10 in Conjurations
 10309 | D:10     | Found a shadowy altar of Dithmenos.
 10506 | D:10     | Reached ** piety under Vehumet
 10506 | D:10     | Offered knowledge of Foxfire by Vehumet.
 11130 | D:10     | Learned a level 4 spell: Flame Wave
 11218 | D:11     | Reached skill level 11 in Staves
 12423 | D:11     | Reached skill level 12 in Staves
 12613 | D:12     | Noticed a cyan ugly thing
 12621 | D:12     | Killed a cyan ugly thing
 12639 | D:12     | Noticed a two-headed ogre
 12646 | D:12     | Noticed Snorg
 12647 | D:12     | Killed a two-headed ogre
 13069 | D:12     | Noticed Gastronok
 13105 | D:12     | Killed Gastronok
 13106 | D:12     | Reached skill level 13 in Staves
 13489 | D:12     | Killed Snorg
 13749 | D:12     | Noticed Psyche
 13758 | D:12     | Killed Psyche
 13837 | D:13     | Reached XP level 12. HP: 84/91 MP: 6/24
 13932 | D:13     | Found a portal to a secret trove of treasure.
 14009 | D:12     | Noticed a boulder beetle
 14018 | D:12     | Offered knowledge of Ignite Poison by Vehumet.
 14019 | D:12     | Reached skill level 14 in Staves
 14047 | D:12     | Killed a boulder beetle
 14244 | D:12     | Noticed a two-headed ogre
 14248 | D:12     | Noticed a two-headed ogre
 14252 | D:12     | Killed a two-headed ogre
 14260 | D:12     | Killed a two-headed ogre
 14309 | D:12     | Learned a level 3 spell: Ignite Poison
 14427 | D:12     | Noticed a two-headed ogre
 15070 | D:13     | Killed a two-headed ogre
 15181 | D:13     | Reached skill level 1 in Poison Magic
 15378 | D:13     | Found a gate to the Vaults.
 15378 | D:13     | Noticed a vault guard
 15751 | D:13     | Reached skill level 5 in Fighting
 15854 | D:13     | Killed a vault guard
 15946 | D:14     | Identified a scroll of acquirement
 15947 | D:14     | Acquired the ring of the Sunfish {Fly rF+ rCorr Dex+2}
 15951 | D:14     | Found a stormy altar of Qazlal.
 15964 | D:14     | Reached *** piety under Vehumet
 16016 | D:14     | Noticed a seven-headed hydra
 16018 | D:14     | Noticed a centaur warrior
 16511 | D:14     | Noticed a centaur warrior
 16515 | D:14     | a centaur warrior changed into a steelbarb worm
 16522 | D:14     | Reached skill level 5 in Throwing
 16554 | D:14     | HP: 1/144 [steelbarb worm (19)]
 16560 | D:14     | Slain by a steelbarb worm

Illustrated notes

Levels and vault maps discovered:
D:1:      dpeg_arrival_simpleton_a, layout_basic,
          shapermc_ecumenical_altar_mp_highgroup, serial_glass, glass_columns_a,
          glass_columns_b, glass_columns_a
D:2:      layout_loops_cross, uniq_terence, uniq_robin
D:3:      cheibrodos_helix_gallery, layout_loops_cross
D:4:      layout_basic, nemelex_diamond_rough_becter,
          mainiacjoe_overflow_tiny_flanked, nicolae_ossuary_entry_ruins,
          minivault_5, uniq_grinder, uniq_eustachio, uniq_natasha
D:5:      layout_basic, uniq_prince_ribbit1, uniq_crazy_yiuf_cottage,
          uniq_duvessa
D:6:      layout_basic, serial_shops, nicolae_shop_hallway_plus, uniq_maggie
D:7:      layout_cave_pools, minmay_temple_entry_trees
D:8:      layout_rooms, zin_treasury, minmay_lair_entry_grove, serial_shops,
          shop
D:9:      layout_rooms, uniq_erica
D:10:     layout_irregular_city, grunt_dithmenos_smoke_and_mirrors, orc_0_dummy
D:11:     layout_gridville
D:12:     layout_long_grid, uniq_psyche, uniq_gastronok, uniq_snorg
D:13:     layout_roguey, david_vaults_5, nicolae_trove_entry_isolated
D:14:     layout_stronghold, nicolae_qazlal_general_emergency,
          minmay_hollow_rounded_squares
Temple:   compressed_dpeg_circular_temple

Skill      XL: |  1  2  3  4  5  6  7  8  9 10 11 12 |
---------------+-------------------------------------+-----
Stealth        | 2 3 |  3.0
Conjurations   | 5 6 7 8 9 10 | 10.0
Dodging        | 2 3 |  3.0
Fighting       | 1 3 4 6 |  6.0
Spellcasting   | 3 5 6 7 8 |  8.0
Hexes          | 1 2 3 |  3.0
Translocations | 1 2 3 |  3.0
Throwing       | 2 3 5 |  5.2
Evocations     | 1 3 |  3.0
Transmutations | 1 2 |  2.0
Fire Magic     | 1 2 3 |  3.0
Earth Magic    | 1 2 |  2.0
Staves         | 7 10 13 14 | 14.0
Poison Magic   | 1 |  1.0

Action                   |  1- 3 |  4- 6 |  7- 9 | 10-12 || total
-------------------------+-------+-------+-------+-------++-------
Melee: Short sword       |    36 |       |    19 |       ||    55
       Tailslap          |     7 |       |     5 |    13 ||    25
       Punch             |     1 |       |     1 |     1 ||     3
       Staff             |       |       |    20 |    49 ||    69
       Quarterstaff      |       |       |    16 |    50 ||    66
       Demon whip        |       |       |       |     5 ||     5
Throw: Dart              |       |       |     6 |    79 ||    85
 Cast: Magic Dart        |    33 |    23 |    23 |    77 ||   156
       Searing Ray       |    12 |    29 |    65 |    66 ||   172
       Iskenderun's Myst |       |       |    37 |   110 ||   147
       Passwall          |       |       |     1 |       ||     1
       Fulminant Prism   |       |       |     4 |       ||     4
       Iskenderun's Batt |       |       |       |    19 ||    19
       Scorch            |       |       |       |    23 ||    23
       Flame Wave        |       |       |       |    11 ||    11
       Ignite Poison     |       |       |       |     7 ||     7
  Use: Scroll            |     3 |     3 |    10 |    14 ||    30
       Potion            |       |       |     6 |    13 ||    19
Armor: Skin              |    13 |     3 |   109 |   113 ||   238
Dodge: Dodged            |    29 |     8 |    96 |   107 ||   240
